[Event "WYCC 2018 G16"]
[Site "Halkidiki"]
[Date "2018.10.21"]
[Round "2"]
[White "Quintana Chanduvi, Daniela Sofia"]
[Black "Moerwald, Magdalena"]
[Result "0-1"]
[ECO "B13"]
[WhiteElo "1400"]
[BlackElo "1875"]
[Annotator "NA"]
[PlyCount "70"]
[EventDate "2018.10.20"]
[EventType "swiss"]
[EventCountry "GRE"]
[SourceTitle "playchess.com"]
[Source "ChessBase"]
[SourceQuality "1"]
[TimeControl "40/5400+30:1800+30"]

1. e4 c6 2. c4 d5 3. exd5 cxd5 4. d4 Nf6 5. Nc3 Nc6 6. Bf4 Be6 7. c5 g6 8. Be2 Bg7 9. Bf3 O-O 10. a3 b6 11. b4 bxc5 $19 12. bxc5 Qa5 13. Nge2 h6 14. O-O g5 15. Be5 g4 16. Bxf6 gxf3 17. Bxg7 fxe2 18. Nxe2 Kxg7 19. Nf4 Bf5 20. Nxd5 Qd8 21. Ne3 Bg6 22. d5 Nb8 23. f4 Qc8 24. f5 Qxc5 25. Qe2 Bh7 26. Kh1 Rg8 27. Ng4 Nd7 28. Qd2 Kh8 29. Nxh6 Rg7 30. Qb2 Nf6 31. Rae1 Rd8 32. Qb7 Qxd5 33. Qxd5 Nxd5 34. Rd1 Rd6 35. Rc1 Rxh6 0-1

[Event "WYCC 2018 G16"]
[Site "Halkidiki"]
[Date "2018.10.21"]
[Round "2"]
[White "Michielsen, Lies"]
[Black "Nayberg, Simona"]
[Result "0-1"]
[ECO "B03"]
[WhiteElo "1398"]
[BlackElo "1857"]
[Annotator "NA"]
[PlyCount "64"]
[EventDate "2018.10.20"]
[EventType "swiss"]
[EventCountry "GRE"]
[SourceTitle "playchess.com"]
[Source "ChessBase"]
[SourceQuality "1"]
[TimeControl "40/5400+30:1800+30"]

1. e4 Nf6 2. e5 Nd5 3. d4 d6 4. c4 Nb6 5. exd6 exd6 6. Nc3 Be7 7. Bd3 O-O 8. Nge2 Nc6 9. O-O Bf6 10. Re1 Re8 11. Be3 Nb4 12. Ne4 Bf5 13. Nxf6+ Qxf6 14. Nf4 Nxd3 15. Nxd3 Nxc4 16. Qb3 d5 17. Nf4 c6 18. Qc3 Rad8 19. b3 Nd6 20. Qb4 Bc8 21. Rac1 Nf5 22. Nd3 Qh4 23. Ne5 Rxe5 24. g3 Qg4 25. f3 Qxf3 26. dxe5 Nxe3 27. Qd2 d4 28. Re2 Be6 29. Rf2 Qe4 30. Qa5 b6 31. Qd2 Bd5 32. Re1 Qh1# 0-1

[Event "WYCC 2018 G16"]
[Site "Halkidiki"]
[Date "2018.10.21"]
[Round "3"]
[White "Maltsevskaya, Aleksandra"]
[Black "Shanya Mishra"]
[Result "1-0"]
[ECO "B90"]
[WhiteElo "2290"]
[BlackElo "1924"]
[Annotator "NA"]
[PlyCount "91"]
[EventDate "2018.10.20"]
[EventType "swiss"]
[EventCountry "GRE"]
[SourceTitle "playchess.com"]
[Source "ChessBase"]
[SourceQuality "1"]
[TimeControl "40/5400+30:1800+30"]

1. e4 c5 2. Nf3 d6 3. d4 cxd4 4. Nxd4 Nf6 5. Nc3 a6 6. h3 e5 7. Nde2 h5 8. Bg5 Be6 9. g3 Nbd7 10. a4 Be7 11. Bg2 Rc8 12. b3 Nf8 13. O-O N8h7 14. Be3 g5 $14 15. Nd5 Nxd5 16. exd5 Bf5 17. c4 Bg6 18. f4 f5 19. c5 gxf4 20. gxf4 e4 21. c6 bxc6 22. dxc6 Rxc6 23. Qd5 Rc8 24. Rac1 Nf6 25. Qe6 Ra8 26. Nd4 Qd7 27. Rfd1 Qxe6 28. Nxe6 Kd7 29. Nc5+ Ke8 30. Ne6 Kd7 31. Nc5+ Ke8 32. Nxa6 Rxa6 33. Rc8+ Bd8 34. Bf1 Ra5 35. Rxd6 Ke7 36. Rxf6 Rg8 37. Rxd8 Kxd8 38. Kf2 Ra8 39. Bc4 Rg7 40. Bd4 Be8 41. a5 h4 42. a6 Rg6 43. Rxg6 Bxg6 44. a7 Kc7 45. Bd5 e3+ 46. Bxe3 1-0

[Event "WYCC 2018 G16"]
[Site "Halkidiki"]
[Date "2018.10.21"]
[Round "3"]
[White "Muetsch, Annmarie"]
[Black "Esadze, Tamari"]
[Result "1-0"]
[ECO "B56"]
[WhiteElo "2206"]
[BlackElo "1911"]
[Annotator "NA"]
[PlyCount "111"]
[EventDate "2018.10.20"]
[EventType "swiss"]
[EventCountry "GRE"]
[SourceTitle "playchess.com"]
[Source "ChessBase"]
[SourceQuality "1"]
[TimeControl "40/5400+30:1800+30"]

1. e4 c5 2. Nc3 Nc6 3. Nf3 d6 4. d4 cxd4 5. Nxd4 Nf6 6. g3 e5 7. Nde2 Bg4 8. Bg2 Nd4 {[%emt 0:02:07] B56: Sizilianisch (Abweichung von Sozin- und Richter/Rauser-Variante)} 9. Qd3 Nxe2 10. Nxe2 Be7 11. O-O Qc7 $146 ({Vorgänger:} 11... O-O 12. Bg5 Nd7 13. Bxe7 Qxe7 14. Nc3 Nc5 15. Qe3 Be6 16. Rad1 {0-1 (48) Ramnath,B (2307)-Fawzy,A (2440) Abu Dhabi 2016}) 12. c4 Bxe2 (12... Rc8 $11 {remains equal.}) 13. Qxe2 O-O 14. b3 a6 15. Bb2 Qc5 16. Kh1 Ne8 17. Rfd1 Nf6 18. a4 Qb6 19. Rd3 Qc6 20. f4 Nd7 21. Rd5 Nf6 22. Rd3 Nd7 23. fxe5 dxe5 24. Rd5 f6 25. Rad1 Nb6 26. R5d3 a5 27. Bh3 Bc5 28. Bd7 Nxd7 29. Rxd7 Rf7 30. Rxf7 Kxf7 31. Qg4 Bd6 32. Rd5 b6 33. h4 Rb8 34. h5 g6 35. Kg2 Be7 36. Qf3 Kg7 37. hxg6 hxg6 38. Rxe5 Ba3 39. Ba1 Rh8 40. Rd5 Be7 41. e5 Rf8 42. Rd3 Qe6 43. Qd5 Qg4 44. Rf3 Rd8 45. exf6+ Kh6 46. fxe7 Rxd5 47. e8=Q Rd2+ 48. Rf2 Rxf2+ 49. Kxf2 Qf5+ {[%emt 0:00:03] [#]} 50. Ke3 $1 Qg5+ 51. Kd3 Qf5+ 52. Kd2 Qb1 53. Qh8+ Kg5 54. Qb2 (54. Qd4 $142 Kf5 55. Qd3+ Qxd3+ 56. Kxd3 Ke6 57. Bd4 Kd6 58. Bxb6 Kc6 59. Bxa5) 54... Qf1 55. Qe5+ Kg4 56. Qf4+ 1-0

[Event "WYCC 2018 G16"]
[Site "Halkidiki"]
[Date "2018.10.21"]
[Round "3"]
[White "Makhija, Aashna"]
[Black "Nestorovic, Katarina"]
[Result "1-0"]
[ECO "B22"]
[WhiteElo "2197"]
[BlackElo "2015"]
[Annotator "NA"]
[PlyCount "117"]
[EventDate "2018.10.20"]
[EventType "swiss"]
[EventCountry "GRE"]
[SourceTitle "playchess.com"]
[Source "ChessBase"]
[SourceQuality "1"]
[TimeControl "40/5400+30:1800+30"]

1. e4 c5 2. c3 Nf6 3. e5 Nd5 4. Nf3 Nc6 5. Bc4 Nb6 6. Bb3 d5 7. exd6 Qxd6 8. Na3 Be6 9. d4 cxd4 10. Nb5 {[%emt 0:01:00] B22: Sicilian: 2 c3} Qd7 11. Nbxd4 Nxd4 12. Nxd4 Bxb3 13. Qxb3 g6 (13... e6 14. Bf4 Bd6 15. Bxd6 Qxd6 {½-½ (32) Abasov,N (2587)-Nepomniachtchi,I (2733) Antalya 2017}) 14. O-O Bg7 {[%emt 0:02:58] [#]} 15. Re1 $146 ({Predecessor:} 15. Rd1 O-O 16. Be3 Nc8 17. Nb5 Qc6 {½-½ (43) Sermek,D (2577)-Pelletier,Y (2545) Leon 2001}) 15... O-O 16. Bg5 e5 17. Nf3 Qc7 18. Re2 Kh8 19. Rd1 f6 20. Bc1 Rad8 21. Red2 Nd7 22. Qc2 Nc5 23. Rd5 Ne6 24. Rxd8 Rxd8 25. Be3 b6 26. Rxd8+ Qxd8 27. Qd2 Qxd2 28. Nxd2 f5 29. f3 Nc5 30. Bxc5 bxc5 31. Nb3 Bf8 32. c4 Kg7 33. Kf2 Kf6 34. Na5 Bd6 35. Nb7 Be7 36. Na5 Bd8 37. Nb3 Be7 38. Nd2 Ke6 39. Nb1 Bg5 40. Nc3 Bd2 41. Nd5 a5 42. b3 g5 43. Ke2 Bc1 44. Kd3 Bb2 45. h3 f4 46. Ke4 Bd4 47. Nc7+ Kd7 48. Nb5 Ke6 49. Na7 Bc3 50. Nc6 Bd4 51. Nxa5 Kd6 52. a3 h6 53. b4 cxb4 54. axb4 Bc3 55. Nb7+ Kc7 56. Nc5 Kd6 57. Nd3 Ke6 $18 58. b5 Bd4 59. c5 {[%emt 0:00:22] Kd5+} 1-0

[Event "WYCC 2018 G16"]
[Site "Halkidiki"]
[Date "2018.10.21"]
[Round "3"]
[White "Yurasova, Daria"]
[Black "Miroshnik, Ekaterina"]
[Result "1/2-1/2"]
[ECO "D35"]
[WhiteElo "2193"]
[BlackElo "2023"]
[Annotator "NA"]
[PlyCount "81"]
[EventDate "2018.10.20"]
[EventType "swiss"]
[EventCountry "GRE"]
[SourceTitle "playchess.com"]
[Source "ChessBase"]
[SourceQuality "1"]
[TimeControl "40/5400+30:1800+30"]

1. d4 d5 2. c4 e6 3. Nc3 Nf6 4. cxd5 exd5 5. Bg5 Be7 6. e3 c6 7. Qc2 Nbd7 8. Bd3 Nh5 9. Bxe7 Qxe7 10. Nge2 g6 11. O-O O-O 12. Rfe1 Ndf6 13. Ng3 Nxg3 14. hxg3 Be6 $11 15. Na4 Rae8 16. Qc5 Nd7 17. Qxe7 Rxe7 18. Rac1 Rc8 19. b4 Nf6 20. Nc5 b6 21. Nxe6 Rxe6 22. Rc2 Nd7 23. Rec1 Nb8 24. b5 Kf8 25. Be2 Ke7 26. g4 Kd6 27. g5 f5 28. bxc6 Rxc6 29. Bb5 Rxc2 30. Rxc2 a6 31. Rc8 axb5 32. Rxb8 Kc7 33. Rf8 Re7 34. Kf1 b4 35. Ke2 Kc6 36. Kf3 Ra7 37. Rc8+ Kb5 38. Rc2 Re7 39. g4 fxg4+ 40. Kxg4 Ka4 41. Kf3 1/2-1/2

[Event "WYCC 2018 G16"]
[Site "Halkidiki"]
[Date "2018.10.21"]
[Round "3"]
[White "Hilario, Aleyla"]
[Black "Srdanovic, Jovana"]
[Result "0-1"]
[ECO "D11"]
[WhiteElo "2175"]
[BlackElo "2072"]
[Annotator "NA"]
[PlyCount "132"]
[EventDate "2018.10.20"]
[EventType "swiss"]
[EventCountry "GRE"]
[SourceTitle "playchess.com"]
[Source "ChessBase"]
[SourceQuality "1"]
[TimeControl "40/5400+30:1800+30"]

1. d4 d5 2. c4 c6 3. Nf3 Nf6 4. e3 Bg4 5. Bd3 e6 6. Nbd2 Nbd7 {[%emt 0:03:32] D11: Slav Defence: 3 Nf3 sidelines and 3...Nf6 4 e3 Bg4} 7. h3 (7. O-O Bd6 8. b3 O-O 9. Bb2 a5 10. Qc2 Qb8 11. h3 Bh5 12. Ng5 Bg6 13. Bxg6 hxg6 14. a4 Bb4 15. Ndf3 Nh7 16. Nxh7 Kxh7 17. e4 {1-0 (54) Andreikin,D (2712)-Korobov,A (2652) Huaian 2017}) 7... Bh5 8. b3 Bd6 9. Qc2 Bg6 10. Bb2 Qc7 11. O-O O-O 12. Bxg6 hxg6 13. Rac1 Rfe8 14. a3 $146 Rad8 15. b4 Qb8 16. Rfd1 a6 17. b5 cxb5 18. cxb5 axb5 19. Qb3 Qa7 20. Qxb5 Qb6 21. a4 Ra8 22. Nb3 Ra6 23. Qxb6 Nxb6 24. a5 Nc4 25. Bc3 Ne4 26. Be1 Nb2 27. Rd2 Nxd2 28. Bxd2 Nc4 29. Bc3 b6 30. axb6 Rxb6 31. Nbd2 Nxd2 32. Bxd2 Reb8 33. Kf1 Bb4 34. Bxb4 Rxb4 35. Rc2 f6 36. Ne1 Rb3 37. Rc6 Rb1 38. Rxe6 Ra1 39. e4 dxe4 40. Rxe4 f5 41. Re5 Rd1 42. Ke2 Rxd4 43. Ke3 Ra4 44. Nd3 Kf7 45. f3 Rb3 46. g3 Ra8 47. Rd5 Ke6 48. Rd4 g5 49. g4 g6 50. f4 Rh8 51. Kf2 Rb5 52. Kg3 Kf6 53. Rd6+ Ke7 54. Rd4 Rb3 55. Kg2 Rd8 56. Rxd8 Kxd8 57. Nc5 Rb2+ 58. Kg3 (58. Kf3 {is the only way for White.}) 58... gxf4+ 59. Kxf4 Rb4+ 60. Kf3 Ke7 61. Nd3 Rb3 62. Ke2 Kf6 63. gxf5 Kxf5 64. Nf2 Kf4 65. Nd3+ Kg3 66. Ne5 Rb6 0-1

[Event "WYCC 2018 G16"]
[Site "Halkidiki"]
[Date "2018.10.21"]
[Round "3"]
[White "Serikbay, Assel"]
[Black "Tejasvi M"]
[Result "1-0"]
[ECO "E01"]
[WhiteElo "2166"]
[BlackElo "1869"]
[Annotator "NA"]
[PlyCount "67"]
[EventDate "2018.10.20"]
[EventType "swiss"]
[EventCountry "GRE"]
[SourceTitle "playchess.com"]
[Source "ChessBase"]
[SourceQuality "1"]
[TimeControl "40/5400+30:1800+30"]

1. d4 Nf6 2. c4 e6 3. g3 d5 4. Bg2 Bb4+ 5. Bd2 Be7 6. Nf3 O-O 7. O-O c6 8. Qc2 b6 9. Rd1 Ba6 10. Ne5 Nfd7 11. cxd5 Nxe5 12. dxe5 exd5 13. Bc3 Qc7 14. e4 dxe4 15. Bxe4 h6 16. e6 Kh8 17. Qd2 Kg8 18. exf7+ Rxf7 19. Bc2 Rf8 20. Bb3+ Kh7 21. Bc2+ Kg8 22. Qd4 Bf6 23. Qe4 Bxc3 24. Qh7+ Kf7 25. Nxc3 Nd7 26. Bg6+ Kf6 27. Ne4+ Ke6 28. Qxg7 Rad8 29. f4 Bb7 30. f5+ Rxf5 31. Bxf5+ Kxf5 32. Nd6+ Ke6 33. Qf7+ Ke5 34. Qf5# 1-0

[Event "WYCC 2018 G16"]
[Site "Halkidiki"]
[Date "2018.10.21"]
[Round "3"]
[White "Peycheva, Gergana"]
[Black "Zhang, Xiao"]
[Result "1-0"]
[ECO "D20"]
[WhiteElo "2152"]
[BlackElo "1980"]
[Annotator "NA"]
[PlyCount "87"]
[EventDate "2018.10.20"]
[EventType "swiss"]
[EventCountry "GRE"]
[SourceTitle "playchess.com"]
[Source "ChessBase"]
[SourceQuality "1"]
[TimeControl "40/5400+30:1800+30"]

1. d4 d5 2. c4 dxc4 3. e4 Nf6 4. e5 Nd5 5. Bxc4 Nb6 6. Bd3 e6 7. Ne2 Nc6 8. Nbc3 Be7 9. Be4 O-O 10. O-O Bd7 11. Qc2 g6 12. a3 a5 13. b3 Rb8 14. Be3 Na7 15. Rfd1 c6 16. Bf3 Nd5 17. Bh6 Re8 18. Ne4 f5 19. exf6 Nxf6 20. N2c3 Nd5 21. Re1 Qb6 22. Na4 Qc7 23. Nac5 Bc8 24. Bg4 Bxc5 25. dxc5 Nb5 26. a4 Nd4 27. Qc4 Nf5 28. Bxf5 gxf5 29. Nd6 Re7 30. Rad1 e5 31. Rxd5 cxd5 32. Qxd5+ Be6 33. Qxe5 Rbe8 34. Qg3+ Kh8 35. Qc3+ Kg8 36. Nxe8 Rxe8 37. Re3 f4 38. Re4 Qf7 39. Bxf4 Qf5 40. Qe3 Qd5 41. h3 Kf7 42. Bd6 Qxb3 43. Rf4+ Kg8 44. Rg4+ 1-0

[Event "WYCC 2018 G16"]
[Site "Halkidiki"]
[Date "2018.10.21"]
[Round "3"]
[White "Cervantes Landeiro, Thalia"]
[Black "Ortega Beltran, Ximena"]
[Result "1-0"]
[ECO "A43"]
[WhiteElo "2129"]
[BlackElo "1628"]
[Annotator "NA"]
[PlyCount "105"]
[EventDate "2018.10.20"]
[EventType "swiss"]
[EventCountry "GRE"]
[SourceTitle "playchess.com"]
[Source "ChessBase"]
[SourceQuality "1"]
[TimeControl "40/5400+30:1800+30"]

1. d4 c5 2. d5 d6 3. c4 Nf6 4. Nc3 g6 5. e4 Bg7 6. f4 a6 7. Nf3 Bg4 8. Bd3 Nbd7 9. O-O O-O 10. h3 Bxf3 11. Qxf3 Rb8 {[%emt 0:01:06] E76: King's Indian: Four Pawns Attack: Lines specific to 6 Nf3 move-order} 12. a4 b6 13. Kh1 $146 ({Predecessor:} 13. Bd2 Ne8 14. Rae1 {1-0 (32) Savchenko,S (2525)-Pira,D (2395) France 2007}) 13... Ne8 14. Be3 Nc7 15. Bf2 e6 16. Bg3 exd5 17. exd5 f5 18. Rfe1 Re8 19. Qf2 Qf6 20. Bh4 Qf7 21. Qd2 Nf6 22. Rxe8+ Rxe8 23. Qc2 Ne4 24. Qb3 Nxc3 25. bxc3 Re3 26. Rd1 Na8 27. Bf2 Re8 28. Ra1 Qf6 29. Ra3 a5 30. Qb5 Qf7 31. Qc6 Rd8 32. Rb3 Qe8 33. Qb5 Qxb5 34. cxb5 Nc7 35. c4 Re8 36. Rb1 Bc3 37. Kh2 Kf7 38. g4 fxg4 39. hxg4 Re7 40. Kg3 Ne8 41. Kf3 Nf6 42. g5 Nh5 43. f5 Bd2 44. Kg4 Nf4 45. Bc2 gxf5+ 46. Bxf5 Ng6 47. Be6+ Kg7 $2 (47... Ke8 {was necessary.}) 48. Bg3 Ne5+ $18 49. Bxe5+ dxe5 50. Rd1 Bc3 51. d6 Re8 52. d7 Rd8 53. Rd6 1-0

[Event "WYCC 2018 G16"]
[Site "Halkidiki"]
[Date "2018.10.21"]
[Round "3"]
[White "Schulze, Lara"]
[Black "Solozhenkina, Elizaveta"]
[Result "0-1"]
[ECO "B90"]
[WhiteElo "2122"]
[BlackElo "2276"]
[Annotator "NA"]
[PlyCount "80"]
[EventDate "2018.10.20"]
[EventType "swiss"]
[EventCountry "GRE"]
[SourceTitle "playchess.com"]
[Source "ChessBase"]
[SourceQuality "1"]
[TimeControl "40/5400+30:1800+30"]

1. e4 c5 2. Nf3 d6 3. d4 cxd4 4. Nxd4 Nf6 5. Nc3 a6 6. h3 e5 7. Nde2 b5 8. g4 b4 9. Nd5 Nxd5 10. Qxd5 Ra7 11. Be3 Be6 12. Qd3 Rd7 13. c4 bxc3 14. Nxc3 h5 15. gxh5 d5 16. exd5 Bb4 17. h6 g6 18. Qe4 Bxc3+ 19. bxc3 Rxd5 20. Bc4 Nc6 21. O-O Rd6 22. Bxe6 Rxe6 23. Rad1 Qe7 24. Rd5 f5 25. Qg2 f4 26. Bc5 Qf6 27. Rfd1 e4 28. Rd6 Ne7 29. Qxe4 Rxd6 30. Bxd6 Rxh6 31. Bxe7 Qxe7 32. Qxf4 Rxh3 33. Qg4 Rxc3 34. Qxg6+ Kf8 35. Rd6 Rc1+ 36. Kg2 Qb7+ 37. f3 Qb2+ 38. Kg3 Rg1+ 39. Kf4 Qh2+ 40. Ke3 Rxg6 0-1

[Event "WYCC 2018 G16"]
[Site "Halkidiki"]
[Date "2018.10.21"]
[Round "3"]
[White "Grigorieva, Yulia"]
[Black "Beydullayeva, Govhar"]
[Result "0-1"]
[ECO "E46"]
[WhiteElo "2112"]
[BlackElo "2202"]
[Annotator "NA"]
[PlyCount "110"]
[EventDate "2018.10.20"]
[EventType "swiss"]
[EventCountry "GRE"]
[SourceTitle "playchess.com"]
[Source "ChessBase"]
[SourceQuality "1"]
[TimeControl "40/5400+30:1800+30"]

1. d4 {[%emt 0:00:00] Stohl,I} e6 2. c4 Nf6 3. Nc3 Bb4 4. e3 O-O 5. Nge2 d5 6. a3 Be7 7. cxd5 exd5 8. Nf4 a5 {[%emt 0:07:56] E46: Nimzo-Indian: Rubinstein: 4 e3 0-0 5 Ne2 without early Bd3} (8... c6 9. Bd3 Na6 10. O-O Nc7 11. f3 Re8 12. Bd2 Bf8 13. Qe1 g6 14. g4 c5 15. Qf2 b6 16. h4 Bd6 17. Nce2 {0-1 (54) Caruana,F (2816)-Karjakin,S (2782) Leuven 2018}) 9. Bd3 b6 $146 ({Predecessor:} 9... c6 10. O-O Na6 11. f3 Nc7 12. Bd2 c5 13. dxc5 Bxc5 14. Kh1 Ne6 15. e4 dxe4 16. Nxe4 Bd4 17. Qc2 h6 {1-0 (42) So,W (2706)-Van Wely,L (2693) Hoogeveen 2013 CBM 157 [Stohl,I]}) 10. O-O Bb7 11. Bc2 Re8 12. f3 c5 13. Ba4 Rf8 14. Kh1 Na6 15. Qb3 c4 16. Qd1 Bd6 17. Nfe2 Nh5 18. Qe1 f5 19. f4 Nf6 20. Ng1 Nc7 21. Nf3 Ba6 22. Bc2 Ne4 23. Ne5 Qe8 24. Nxe4 fxe4 25. Rg1 Bb7 26. Bd2 Ne6 27. Bc3 Qd8 28. g4 Bxe5 29. dxe5 d4 30. Rd1 d3 31. h3 Qe7 32. Bb1 Bd5 33. Kh2 Qc7 34. Qg3 b5 35. h4 Rab8 36. Qe1 Ra8 37. Qg3 Nd8 38. f5 Nc6 39. e6 Qxg3+ 40. Kxg3 b4 41. Bxg7 Kxg7 42. Ba2 Ne5 43. Kf4 Nf3 44. Rh1 b3 45. Bb1 Rae8 46. Kg3 h5 47. Rh3 Kf6 48. Kf4 hxg4 49. Rxf3 gxf3 50. h5 Rh8 51. Rh1 Reg8 $19 (51... f2 $142 52. Bxd3 cxd3 53. Kg3 {[#]} Rxh5 $1 54. Rxh5 f1=Q 55. Rh6+ Kxf5 56. Rh5+ Kg6 57. Rh4 Qg1+ 58. Kh3 Bxe6+ 59. Rg4+ Bxg4+ 60. Kh4 Rh8#) 52. h6 Rg5 53. Bxd3 cxd3 54. a4 Rxf5+ 55. Kg3 f2 0-1

[Event "WYCC 2018 G16"]
[Site "Halkidiki"]
[Date "2018.10.21"]
[Round "3"]
[White "Bulatova, Kamaliya"]
[Black "Kvendseth, Thyra"]
[Result "1-0"]
[ECO "E73"]
[WhiteElo "2108"]
[BlackElo "1854"]
[Annotator "NA"]
[PlyCount "61"]
[EventDate "2018.10.20"]
[EventType "swiss"]
[EventCountry "GRE"]
[SourceTitle "playchess.com"]
[Source "ChessBase"]
[SourceQuality "1"]
[TimeControl "40/5400+30:1800+30"]

1. d4 Nf6 2. c4 g6 3. Nc3 Bg7 4. e4 d6 5. Be2 O-O 6. Be3 c6 7. Nf3 a6 8. a4 a5 9. Qd2 Na6 10. Bh6 Qc7 11. h4 Bxh6 12. Qxh6 Ng4 13. Qg5 h6 14. Qf4 e5 15. Qd2 h5 16. Ng5 Nf6 17. f4 Nb4 18. O-O Kg7 19. Rad1 Bg4 20. f5 exd4 21. Qxd4 Bxe2 22. Nxe2 Rae8 23. Nf4 c5 24. Qc3 Qd7 25. Qg3 Ng4 26. Rxd6 Qe7 27. fxg6 f6 28. Nxh5+ Kxg6 29. Qxg4 Qxd6 30. Qf5+ Kxh5 31. Nf7+ 1-0

[Event "WYCC 2018 G16"]
[Site "Halkidiki"]
[Date "2018.10.21"]
[Round "3"]
[White "Salonika, Saina"]
[Black "Getman, Tatyana"]
[Result "1-0"]
[ECO "B23"]
[WhiteElo "2093"]
[BlackElo "2195"]
[Annotator "NA"]
[PlyCount "41"]
[EventDate "2018.10.20"]
[EventType "swiss"]
[EventCountry "GRE"]
[SourceTitle "playchess.com"]
[Source "ChessBase"]
[SourceQuality "1"]
[TimeControl "40/5400+30:1800+30"]

1. e4 c5 2. Nc3 d6 3. f4 g6 4. Nf3 Bg7 5. Bc4 Nc6 6. d3 e6 7. O-O Nge7 8. Qe1 O-O 9. Bb3 Na5 10. Qh4 d5 11. f5 gxf5 12. Bh6 f6 13. Qg3 Rf7 14. exd5 $14 exd5 15. Nh4 Kh8 16. Bf4 Nxb3 17. axb3 d4 18. Nb5 Nd5 19. Nd6 Rf8 20. Ndxf5 Rg8 21. Ng6+ 1-0

[Event "WYCC 2018 G16"]
[Site "Halkidiki"]
[Date "2018.10.21"]
[Round "3"]
[White "Urh, Zala"]
[Black "Hoesley, Aria"]
[Result "1-0"]
[ECO "A96"]
[WhiteElo "2066"]
[BlackElo "1831"]
[Annotator "NA"]
[PlyCount "97"]
[EventDate "2018.10.20"]
[EventType "swiss"]
[EventCountry "GRE"]
[SourceTitle "playchess.com"]
[Source "ChessBase"]
[SourceQuality "1"]
[TimeControl "40/5400+30:1800+30"]

1. Nf3 f5 2. d4 Nf6 3. g3 e6 4. Bg2 Be7 5. O-O O-O 6. c4 d6 7. b3 Qe8 8. Bb2 a5 9. Nbd2 c6 {[%emt 0:04:23] A96: Classical Dutch: Fluid Systems: Early deviations} 10. Qc2 d5 $146 ({Predecessor:} 10... Na6 11. a3 Rb8 12. Bc3 Bd8 13. e4 fxe4 14. Nxe4 Nxe4 15. Qxe4 b5 16. Bd2 {1-0 (54) Sutter,O (2355)-Sadeghi,H (2220) Biel 1997}) 11. Ne5 Nbd7 12. Nd3 Bd6 13. f3 e5 14. e4 dxe4 15. fxe4 Ng4 16. Rae1 exd4 17. Bxd4 Qh5 18. Nf3 Nxh2 19. Nxh2 Bxg3 20. Bf3 Qg6 21. Qg2 Qd6 22. Bxg7 Kxg7 23. e5 Qg6 24. Re2 Re8 25. Bh5 Qxh5 26. Qxg3+ Qg6 27. Rg2 Qxg3 28. Rxg3+ Kh8 29. Rxf5 Nc5 30. Rf7 Rg8 31. Rxg8+ Kxg8 32. Rf3 Nxd3 33. Rxd3 Bf5 34. Re3 Rd8 35. Nf3 Rd3 36. Kf2 Rxe3 37. Kxe3 c5 38. Kf4 Bd7 39. Ng5 b6 40. e6 Bc6 41. Ke5 Be8 42. Kf6 h5 43. Nf3 Kf8 44. Nh4 b5 45. Nf5 a4 46. e7+ Kg8 47. Nd6 axb3 48. Nxe8 bxa2 $18 49. Kg6 1-0

[Event "WYCC 2018 G16"]
[Site "Halkidiki"]
[Date "2018.10.21"]
[Round "3"]
[White "Aubert, Estee"]
[Black "Leonova, Ameliya"]
[Result "1-0"]
[ECO "A43"]
[WhiteElo "2064"]
[BlackElo "1736"]
[Annotator "NA"]
[PlyCount "51"]
[EventDate "2018.10.20"]
[EventType "swiss"]
[EventCountry "GRE"]
[SourceTitle "playchess.com"]
[Source "ChessBase"]
[SourceQuality "1"]
[TimeControl "40/5400+30:1800+30"]

1. d4 c5 2. d5 Nf6 3. Nc3 g6 4. e4 d6 5. Bd3 Bg7 6. f4 O-O 7. Nf3 a6 8. a4 b6 9. O-O Bb7 10. Qe1 Nbd7 11. b3 Qc7 12. Bb2 Rfe8 13. Bc4 e6 14. Qd1 exd5 15. exd5 Ne4 16. Qd3 Nxc3 17. Bxc3 Nf6 18. f5 Bc8 19. fxg6 hxg6 20. Ng5 Bf5 21. Qd2 Qd7 22. Bd3 Bxd3 23. Qxd3 Qg4 24. Bxf6 Bxf6 25. Rxf6 Re2 26. Rxg6+ 1-0

[Event "WYCC 2018 G16"]
[Site "Halkidiki"]
[Date "2018.10.21"]
[Round "3"]
[White "Gombocz, Zsofia"]
[Black "Ros Alonso, Joana"]
[Result "1-0"]
[ECO "C06"]
[WhiteElo "2038"]
[BlackElo "1952"]
[Annotator "NA"]
[PlyCount "112"]
[EventDate "2018.10.20"]
[EventType "swiss"]
[EventCountry "GRE"]
[SourceTitle "playchess.com"]
[Source "ChessBase"]
[SourceQuality "1"]
[TimeControl "40/5400+30:1800+30"]

1. e4 e6 2. d4 d5 3. Nd2 Nf6 4. e5 Nfd7 5. Bd3 c5 6. c3 Nc6 7. Ne2 cxd4 8. cxd4 f6 9. exf6 Nxf6 10. Nf3 Bd6 11. O-O O-O 12. Bg5 Qc7 13. Ng3 h6 {[%emt 0:05:31] C06: French Tarrasch: 3...Nf6 4 e5 Nfd7 5 Bd3 main lines} (13... Bd7 14. Rc1 Rae8 15. Bb1 Bf4 16. Bxf4 Qxf4 17. Qd3 g6 18. a3 e5 19. dxe5 Nxe5 20. Nxe5 Rxe5 21. Rcd1 Rfe8 22. Qc3 {½-½ (32) Polgar,J (2709)-Bueno,A (2291) Caxias do Sul 2012}) 14. Bd2 e5 15. dxe5 Nxe5 16. Be2 $146 ({Predecessor:} 16. Nxe5 Bxe5 17. Bb4 Rd8 18. Rc1 Qf7 19. Qe2 Bf4 20. Rce1 Bg4 21. f3 Re8 22. Qc2 Rxe1 23. Rxe1 Be6 24. Bg6 Qd7 25. Nf5 Bxf5 26. Bxf5 Qb5 27. Be7 Kh8 28. g3 {1-0 (28) Zebisch,P (2172)-Natsidis,C (2183) Leutersdorf 2007}) 16... Bd7 17. Qb3 Bc6 18. Nd4 Qd7 19. Bb4 Bxb4 20. Qxb4 Kh8 21. Nxc6 bxc6 22. Rac1 Rab8 23. Qd4 Rfe8 24. Rfe1 Qb7 25. b3 Ned7 26. Bd3 c5 27. Qf4 Rxe1+ 28. Rxe1 Qb4 29. Qe3 c4 30. bxc4 Re8 31. Qxe8+ Nxe8 32. Rxe8+ Nf8 33. cxd5 Kg8 34. Bg6 Qb6 35. Bc2 Kf7 36. Re3 Nd7 37. h4 Nf6 38. h5 Qd4 39. Rd3 Qa1+ 40. Rd1 Qxa2 41. Bg6+ Ke7 42. Nf5+ Kd7 43. Nxg7 Qe2 44. Ra1 a5 45. Nf5 Ng4 46. Rf1 Qe5 47. Ng3 {[%emt 0:01:54] [#]} Qf4 (47... Nxf2 $1 $19 48. Kxf2 (48. Rxf2 Qxg3) 48... Qf4+ 49. Ke2 Qxg3 50. Rf7+ Kd6) 48. Bf5+ Kd6 49. Ne4+ Ke5 ({Don't play} 49... Kxd5 50. Bxg4 Kxe4 51. Ra1 $17) 50. Bxg4 Qxg4 51. f3 Qxh5 52. Ra1 Qh4 53. d6 Qd8 54. d7 Qxd7 55. Rxa5+ Kf4 56. Rh5 Qc6 $11 1-0

[Event "WYCC 2018 G16"]
[Site "Halkidiki"]
[Date "2018.10.21"]
[Round "3"]
[White "Sosa Suarez, Carla Cristina"]
[Black "Sabiani, Chjara"]
[Result "1-0"]
[ECO "B32"]
[WhiteElo "2025"]
[BlackElo "1778"]
[Annotator "NA"]
[PlyCount "75"]
[EventDate "2018.10.20"]
[EventType "swiss"]
[EventCountry "GRE"]
[SourceTitle "playchess.com"]
[Source "ChessBase"]
[SourceQuality "1"]
[TimeControl "40/5400+30:1800+30"]

1. e4 c5 2. Nf3 Nc6 3. d4 cxd4 4. Nxd4 e5 5. Nb5 d6 6. N1c3 a6 7. Na3 b5 8. Nd5 Nf6 9. Bg5 Be7 10. Bxf6 Bxf6 11. c3 O-O 12. Nc2 Bg5 13. a4 bxa4 14. Rxa4 a5 15. Bc4 Kh8 16. Nce3 g6 17. h4 Bxh4 18. g3 Bg5 19. f4 exf4 20. gxf4 Bh4+ 21. Kf1 f5 22. Bb5 Ba6 23. Bxa6 Rxa6 24. Qd3 Ra7 25. exf5 Rb7 26. Ra2 g5 27. Ng2 Qd7 28. Nde3 Qf7 29. Qxd6 Rfb8 30. Ra1 Rxb2 31. Nxh4 gxh4 32. Qxc6 Rb1+ 33. Rxb1 Rxb1+ 34. Ke2 Rb2+ 35. Kd3 Rb7 36. Qc8+ Kg7 37. Rg1+ Kh6 38. Qc6+ 1-0